cohdb
Replays
Latest Replays
All Replays
Popular Replays
Top Player Replays
Match Explorer
How It Works
Community
CoH3 Stats
Reddit
Sign in to upload your games and track your stats! →
Sign in with Steam
Match 45457827
Unlisted
Match 45457827
Overview
Messages
Build Orders
End
Kettenkrad Recon Vehicle
Construct Infanterie Kompanie
Selects Mechanized Battlegroup
MG 42 Machine Gun Team
Grenadier Squad
Grenadier Squad
Construct Luftwaffe Kompanie
Jäger Squad
Selects Spotting Scopes
Medical Bunker
Support Elements
Wirbelwind Flakpanzer
Luftwaffe Officer Quarters
Side Skirts
Selects Wespe Self-propelled Artillery
Forward Retreat Point
Kettenkrad Recon Vehicle
Wespe Self-propelled Artillery
Wespe Self-propelled Artillery
Wespe Self-propelled Artillery
Selects Zeroing Artillery Barrage
Marowi
A Sassy Badger
Urge to Merge
Jimm-e
Bismarck
RPZWolf
Knight Rider
Flat Arthur
0
0
Comments
sign in to comment!
No comments posted yet!